 Dungeon Crawl Stone Soup version 0.30-a0-172-gc5509c9e31 (webtiles) character file.

Game seed: 5566982470153179626

1 blackman the Charlatan (level 1, -1/16 HPs)
             Began as a Demigod Wanderer on Oct 2, 2022.
             Frozen to death by an endoplasm (3 damage)
             ... on level 1 of the Dungeon.
             The game lasted 00:00:12 (21 turns).

blackman the Charlatan (Demigod Wanderer)             Turns: 21, Time: 00:00:12

Health: -1/16      AC:  5    Str: 13    XL:     1   Next: 13%
Magic:  3/3        EV: 10    Int: 10    God:
Gold:   0          SH:  0    Dex: 17    Spells: 0/0 levels left

rFire   . . .      SeeInvis .    a - +0 spear
rCold   . . .      Faith    .    (no shield)
rNeg    . . .      Spirit   .    c - +0 ring mail
rPois   .          Reflect  .    (no helmet)
rElec   .          Harm     .    (no cloak)
rCorr   .          Rampage  .    (no gloves)
Will    .....                    (no boots)
Stlth   +.........               (no amulet)
HPRegen 0.22/turn                (no ring)
MPRegen 0.08/turn                (no ring)

@: no status effects
A: high MP 1, forlorn, divine attributes
a: no special abilities


You were on level 1 of the Dungeon.
You visited 1 branch of the dungeon, and saw 1 of its levels.

Inventory:

Hand Weapons
 a - a +0 spear (weapon)
Armour
 c - a +0 ring mail (worn)
Jewellery
 e - an amulet of the acrobat
Wands
 b - a wand of paralysis (10) (quivered)
Scrolls
 d - a scroll of vulnerability


   Skills:
 - Level 1.0 Fighting
 * Level 0.3 Long Blades
 - Level 1.7 Polearms
 - Level 1.0 Armour
 - Level 1.0 Stealth
 - Level 4.5 Evocations


You couldn't memorise any spells.
You didn't know any spells.
Your spell library was empty.

Dungeon Overview and Level Annotations

Branches:
Dungeon (1/15)


Innate Abilities, Weirdness & Mutations

You have an increased reservoir of magic. (+10% MP)
You shall have no god before yourself.
Your divine heritage dramatically boosts your attributes as you level up.


Message History

You hit the endoplasm but do no damage.
The endoplasm is lightly wounded.
The endoplasm freezes you.
You are frozen.
You hit the endoplasm.
The endoplasm is heavily wounded.
The endoplasm freezes you.
You are frozen.
A goblin comes into view. It is wielding a +0 dagger. x2
You hit the endoplasm.
The endoplasm is severely wounded.
The endoplasm freezes you.
You are frozen.
You are too injured to fight recklessly!
You are too injured to fight recklessly!
You are too injured to fight recklessly!
You are too injured to fight recklessly!
You are too injured to fight recklessly!
You are too injured to fight recklessly!
You are too injured to fight recklessly!
You are too injured to fight recklessly!
You are too injured to fight recklessly!
You are too injured to fight recklessly!
You are too injured to fight recklessly!
You are too injured to fight recklessly!
You are too injured to fight recklessly!
You are too injured to fight recklessly!
You are too injured to fight recklessly!
You are too injured to fight recklessly!
You are too injured to fight recklessly!
You are too injured to fight recklessly!
You are too injured to fight recklessly!
You are too injured to fight recklessly!
You are too injured to fight recklessly!
The endoplasm freezes you.
You are frozen.
* * * LOW HITPOINT WARNING * * *
The endoplasm freezes you.
You are frozen.
You die...

..# ... #.. #..#####
#+#+## #.....# #....# .
#.....# #.<..# #..
#.....########.##....
#...@................
#...Jg.....##........
.......g................
........#####.#.........
......... #PPPPP.#....##
........#..P$$$P.#....#
.....gg.##.P$$$P.######
........###P$$$P##
.......


.PPPPP# You could see an endoplasm, a hobgoblin and 3 goblins.

Vanquished Creatures
  A hobgoblin (D:1)
1 creature vanquished.

Notes
Turn   | Place    | Note
-------+----------+-------------------------------------------
     0 | D:1      | blackman the Demigod Wanderer began the quest for the Orb.
     0 | D:1      | blackman set off with the following items: a +0 spear, a
                  | wand of paralysis (10), a +0 ring mail, a scroll of
                  | vulnerability.
     0 | D:1      | Reached XP level 1. HP: 16/16 MP: 3/3
    21 | D:1      | Frozen to death by an endoplasm

Illustrated notes

Levels and vault maps discovered:
D:1:      dpeg_arrival_ratfight, layout_rooms, minmay_gold_behind_fungi,
          minivault_26, reono_crystal_passage, minmay_ruptured

Action                   || total
-------------------------++-------
Melee: Spear             ||     7
Dodge: Dodged            ||     2

Table legend: (Time is in decaauts)
 A = Elapsed time spent in this place.
 B = Non-inter-level travel time spent in this place.
 C = Inter-level travel time spent in this place.
 D = Time resting spent in this place.
 E = Time spent auto-exploring this place.
 F = Levels seen in this place.
 G = Mean time per level.
                   A        B        C        D        E       F      G
               +--------+--------+--------+--------+--------+-----+--------+
         Total |     21 |     21 |      0 |      0 |      8 |   1 |   21.0 |
       Dungeon |     21 |     21 |      0 |      0 |      8 |   1 |   21.0 |
               +--------+--------+--------+--------+--------+-----+--------+

Top non-repeatable levels by time:
     D:1: 21 daAuts
